 Dungeon Crawl Stone Soup version 0.18.1-47-g9310371 (webtiles) character file.

72816 Shtopit the Peltast (level 15, 0/93 HPs)
             Began as a Gargoyle Fighter on June 20, 2016.
             Was the Champion of Qazlal.
             Killed from afar by Nikola (5 damage)
             ... with a chain lightning
             ... on level 1 of the Swamp.
             The game lasted 01:26:30 (23705 turns).

Shtopit the Peltast (Gargoyle Fighter)             Turns: 23705, Time: 01:26:32

Health: 0/93       AC: 33    Str: 33    XL:     15   Next: 41%
Magic:  17/17      EV:  5    Int: 10    God:    Qazlal [******]
Gold:   912        SH: 23    Dex:  7    Spells: 3 memorised, 4 levels left

rFire  . . .     SeeInvis .     a - +3 morningstar (flame)
rCold  + . .     Gourm    .     V - +0 plate armour
rNeg   + . .     Faith    .     c - +0 shield
rPois  ∞         Spirit   .     s - +0 hat
rElec  +         Dismiss  .     w - +0 cloak
rCorr  .         Reflect  .     z - +2 pair of gloves
SustAt .         Harm     .     N - +0 pair of boots
MR     +....                    e - amulet of rage
Stlth  ..........               y - +4 ring of slaying
                                D - ring of Greed {Wiz rElec rC+ Str+6}

@: protected from electricity, slowed, repel missiles, very slow, somewhat
resistant to hostile enchantments, extremely unstealthy
A: big wings, icy blue scales 1, blink, clumsy 1, negative energy resistance 1,
sense surroundings 1, electricity resistance, strong 1, unbreathing,
petrification resistance, rot immunity, MP-powered wands, AC +11
a: Fly, Blink, Upheaval, Elemental Force, Disaster Area, Renounce Religion,
Evoke Berserk Rage


You were on level 1 of the Swamp.
You worshipped Qazlal.
Qazlal was exalted by your worship.
You were hungry.

You visited 4 branches of the dungeon, and saw 23 of its levels.
You also visited: Ossuary and Volcano.

You collected 1279 gold pieces.
You spent 367 gold pieces at shops.

Inventory:

Hand Weapons
 a - a +3 morningstar of flaming (weapon)
 v - a cursed -2 blowgun
Missiles
 u - 114 poisoned needles
 M - 70 bolts
Armour
 c - a +0 shield (worn)
 s - a +0 hat (worn)
 w - a +0 cloak (worn)
 z - a +2 pair of gloves (worn)
 N - a +0 pair of boots (worn)
 V - a +0 plate armour (worn)
Jewellery
 b - the ring "Poapri Umoll" {rF+ rN+ AC-4 Stlth+}
   (You bought it in a shop on level 11 of the Dungeon)

   [ring of protection]

   It affects your AC (-4).
   It protects you from fire.
   It protects you from negative energy.
   It makes you more stealthy.
 e - an amulet of rage (around neck)
 y - a +4 ring of slaying (right hand)
 D - the ring of Greed (left hand) {Wiz rElec rC+ Str+6}
   (You took it off a gnoll on level 5 of the Dungeon)

   [ring of wizardry]

   It improves your spell success rate.
   It affects your strength (+6).
   It protects you from cold.
   It insulates you from electricity.
 G - an uncursed ring of protection from magic
 L - an uncursed amulet of dismissal
 Y - an uncursed ring of resist corrosion
Wands
 I - a wand of lightning (9/15)
 Q - a wand of iceblast (7/15)
 R - a wand of polymorph (12/24)
Scrolls
 g - a scroll of silence
 h - 3 scrolls of fear
 j - 7 scrolls of amnesia
 k - 5 scrolls of recharging
 m - 3 scrolls of magic mapping
 n - 4 scrolls of immolation
 x - 3 scrolls of blinking
 E - a scroll of fog {unknown}
 F - 5 scrolls of teleportation
 H - 2 scrolls of enchant weapon {unknown}
 J - 2 scrolls of enchant armour
 S - 3 scrolls of remove curse
 T - 4 scrolls of holy word
Potions
 d - 5 potions of might
 i - 3 potions of cancellation
 p - 9 potions of curing
 r - 5 potions of heal wounds
 t - a potion of magic {unknown}
 A - 5 potions of agility
 B - 9 potions of flight {unknown}
 C - 4 potions of degeneration {unknown}
 O - a potion of cure mutation {unknown}
 U - 3 potions of brilliance {unknown}
 X - 5 potions of haste
 Z - a potion of resistance
Miscellaneous
 P - a lamp of fire
Comestibles
 f - 7 bread rations
 o - 12 meat rations
 W - 25 fruits


   Skills:
 + Level 10.9 Fighting
 + Level 12.6 Maces & Flails
 + Level 11.3 Armour
 + Level 7.6 Dodging
 - Level 1.0 Stealth
 + Level 17.5 Shields
 + Level 0.2 Unarmed Combat
 * Level 0.2 Poison Magic
 + Level 2.1 Invocations
 + Level 3.8 Evocations


You had 4 spell levels left.
You knew the following spells:

 Your Spells              Type           Power        Failure   Level  Hunger
a - Summon Butterflies    Summ           #.......     87%         1    ##.....
b - Alistair's Intoxicat  Trmt/Pois      #.......     100%        5    ######.
c - Olgreb's Toxic Radia  Pois           #.......     100%        4    #####..


Dungeon Overview and Level Annotations

Branches:
Dungeon (13/15)            Temple (1/1) D:5            Lair (8/8) D:11
  Swamp (1/4) Lair:6        Snake (0/4) Lair:6        Slime (0/6) Lair:7
    Orc (0/2) D:11
 Vaults: D:13-14

Altars:
Ashenzari
Cheibriados
Elyvilon
Fedhas
Makhleb
Nemelex Xobeh
Okawaru
Pakellas
Qazlal
Vehumet
Xom
Yredelemnul
The Shining One
Beogh

Shops:
D:10 !   D:11 *

Portals:
Trove: D:12 (give wand of hasting (9))

Annotations:
D:5 Prince Ribbit
D:13 ReniFell's ghost, journeyman MiBe
Swamp:1 Louise; Nikola


Innate Abilities, Weirdness & Mutations

You are resistant to torment.
Your stone body is resilient (AC +11).
You are immune to poison.
Your large and strong wings let you fly indefinitely.
You resist negative energy.
You are resistant to electric shocks.
You can survive without breathing.
You are immune to petrification.
You are immune to rotting.
You are partially covered in icy blue scales (AC +1).
You can translocate small distances at will.
You are clumsy. (Dex -2)
You passively map a small area around you.
Your muscles are strong. (Str +2)
You expend magic power (3 MP) to strengthen your wands.


Message History

You hear a mighty clap of thunder!
The lightning arc hits you! You resist.
You feel more protected from electricity.
The lightning arc hits the bog body.
The bog body is destroyed!
The lightning arc hits you! You resist.
The lightning arc hits Nikola.
The lightning arc hits something.
Reactivating autopickup.
The lightning arc hits Nikola.
The lightning arc hits you! You resist.
You feel more protected from electricity.
* * * LOW HITPOINT WARNING * * *
You hear a croak.
Nikola gestures wildly while chanting.
You hear a mighty clap of thunder!
The lightning arc hits you! You resist.
* * * LOW HITPOINT WARNING * * *
The lightning arc hits Nikola.
The lightning arc hits you! You resist.
* * * LOW HITPOINT WARNING * * *
The lightning arc hits Nikola.
The lightning arc hits you! You resist.
You die...

*
≈...≈♣≈..≈≈.§♣♣
*
.....≈≈..≈≈≈≈≈§
≈, *
.≈§....≈...♣...
*
.≈≈≈.≈≈.....≈,,
* .≈≈≈≈≈≈.....
, .≈≈≈v§≈§≈§#
♣§≈..§§≈§.# ,,
, * ,
♣.≈≈≈§)@..#,
♣.≈..§@.§.# ,
♣≈≈.♣§§...#, ,
♣...≈.≈.≈.# , ♣
♣≈...≈§.#* ≈,
..........≈≈ ,
♣.%≈≈≈.@.≈≈≈
♣..≈≈≈.≈≈≈≈≈.*
* , *


You could see Nikola, Louise and an insubstantial wisp.

Vanquished Creatures
  Rupert (Lair:8)
  Frances (D:12)
  Kirke (D:12)
  The ghost of senseless the Fighter, a journeyman MiGl of Cheibriados (D:12)
  Josephine (Lair:8)
  7 hydras
  Erolcha (D:12)
  12 death yaks
  An unseen horror (D:12)
  3 hill giants (D:12)
  2 ugly things
  2 griffons
  A cyclops (D:12)
  11 elephants
  3 centaur zombies
  3 black mambas
  A gargoyle (Volcano)
  A molten gargoyle (Volcano)
  5 spiny frogs
  2 torpor snails
  9 komodo dragons
  3 rime drakes
  4 polar bears (Lair:8)
  2 trolls
  13 blink frogs
  2 two-headed ogres
  A boulder beetle (Lair:7)
  A slime creature (Lair:7)
  A wyvern (D:11)
  4 wraiths
  67 yaks
  4 redbacks (Lair:8)
  14 spriggans (Lair:8)
  The ghost of senseless the Chopper, an amateur MiGl (D:3)
  2 fire elementals (Volcano)
  4 basilisks
  A hungry ghost (D:12)
  2 hogs (D:12)
  15 hippogriffs
  2 insubstantial wisps (Swamp:1)
  3 nagas (Lair:6)
  22 water moccasins
  10 porcupines
  4 ice beasts
  6 wasps
  7 black bears (Lair:8)
  2 orc warriors (D:11)
  4 phantoms
  7 sky beasts
  31 wolves
  2 necrophages
  10 ogres
  8 centaurs
  13 crocodiles
  4 big kobolds
  14 giant frogs
  A gnoll sergeant (D:9)
  2 wyvern skeletons
  2 scorpions (D:5)
  4 wights (D:10)
  18 killer bees
  A crimson imp (D:5)
  A wasp zombie (D:8)
  8 jellies
  2 giant frog zombies
  2 human zombies (Ossuary)
  A quasit (D:7)
  A hound (D:8)
  9 orc priests
  Terence (D:2)
  4 giant frog skeletons
  9 iguanas
  13 orc wizards
  16 worker ants
  28 sheep
  A big kobold zombie (Ossuary)
  A hound zombie (D:6)
  2 hound skeletons
  4 mummies (Ossuary)
  A howler monkey zombie (D:5)
  A worker ant zombie (D:9)
  13 gnolls
  9 adders
  74 river rats
  5 shadow imps
  An ooze (D:4)
  An adder zombie (Ossuary)
  An adder skeleton (D:10)
  5 worms
  6 giant geckos
  55 orcs
  3 ball pythons
  2 giant cockroaches
  8 hobgoblins
  11 jackals
  4 quokkas
  9 bats
  A giant gecko skeleton (D:6)
  4 giant newts
  A gnoll zombie (Ossuary)
  6 goblins
  A hobgoblin zombie (Ossuary)
  A jackal zombie (D:5)
  11 kobolds
  2 kobold zombies (Ossuary)
  An orc zombie (Ossuary)
  2 quokka skeletons
  A quokka zombie (D:7)
  5 rats
  3 rat zombies (Ossuary)
  53 fungi
  30 plants
821 creatures vanquished.

Vanquished Creatures (others)
  A bog body (Swamp:1)
  A shadow (Swamp:1)
  A human (D:12)
  An ogre (D:10)
  A giant cockroach (D:6)
  7 fungi
  13 plants
25 creatures vanquished.

Grand Total: 846 creatures vanquished

Notes
Turn   | Place    | Note
--------------------------------------------------------------
     0 | D:1      | Shtopit the Gargoyle Fighter began the quest for the Orb.
     0 | D:1      | Reached XP level 1. HP: 14/14 MP: 1/1
   104 | D:1      | Reached XP level 2. HP: 19/19 MP: 2/2
   823 | D:2      | Noticed Terence
   837 | D:2      | Killed Terence
   837 | D:2      | Reached skill level 4 in Shields
   837 | D:2      | Reached XP level 3. HP: 23/23 MP: 3/3
   988 | D:2      | Reached skill level 1 in Dodging
   988 | D:2      | Reached XP level 4. HP: 28/28 MP: 4/4
  1836 | D:3      | Noticed senseless's ghost (amateur MiGl)
  1860 | D:3      | Killed senseless's ghost
  1860 | D:3      | Reached skill level 5 in Shields
  1860 | D:3      | Reached XP level 5. HP: 33/33 MP: 5/5
  1860 | D:3      | Reached XP level 6. HP: 38/38 MP: 6/6
  1950 | D:3      | Found an oddly glowing altar of Pakellas.
  2753 | D:4      | You fall through a shaft!
  2753 | D:5      | Entered Level 5 of the Dungeon
  2772 | D:5      | Noticed a necrophage
  2803 | D:5      | Killed a necrophage
  2803 | D:5      | Reached skill level 1 in Evocations
  2803 | D:5      | Reached XP level 7. HP: 28/43 MP: 7/7
  2852 | D:5      | Found a staircase to the Ecumenical Temple.
  2869 | Temple   | Entered the Ecumenical Temple
  2891 | Temple   | Became a worshipper of Qazlal Stormbringer
  2938 | D:5      | Reached skill level 5 in Armour
  2938 | D:5      | Reached skill level 6 in Shields
  3091 | D:5      | Found a sand-covered staircase.
  3112 | Ossuary  | Entered an ossuary
  3685 | D:5      | Reached * piety under Qazlal
  3753 | D:5      | Reached XP level 8. HP: 36/48 MP: 8/8
  4438 | D:5      | Noticed Prince Ribbit
  4443 | D:5      | Reached skill level 5 in Fighting
  4670 | D:5      | Got a crude glass ring
  4740 | D:6      | Reached skill level 7 in Shields
  4962 | D:6      | Reached skill level 5 in Maces & Flails
  5123 | D:6      | Reached ** piety under Qazlal
  5666 | D:7      | Reached XP level 9. HP: 54/54 MP: 10/10
  5774 | D:7      | Identified the ring of Greed {Wiz rElec rC+ Str+6} (You took it off a gnoll on level 5 of the Dungeon)
  5949 | D:7      | Reached skill level 1 in Stealth
  6026 | D:7      | Reached skill level 8 in Shields
  6955 | D:8      | Noticed a two-headed ogre
  6965 | D:8      | Killed a two-headed ogre
  7191 | D:8      | Reached *** piety under Qazlal
  7372 | D:8      | Reached skill level 9 in Shields
  7394 | D:8      | Reached XP level 10. HP: 58/60 MP: 11/11
  9035 | D:9      | Reached skill level 10 in Shields
  9067 | D:9      | Reached skill level 5 in Dodging
  9281 | D:9      | Got a fine ring mail
  9510 | D:9      | Reached **** piety under Qazlal
  9598 | D:9      | Identified the cursed +0 ring mail of Xom's Indignation {Slay+3} (You found it on level 9 of the Dungeon)
  9615 | D:9      | Noticed a three-headed hydra
  9623 | D:9      | Killed a three-headed hydra
  9623 | D:9      | Reached XP level 11. HP: 61/67 MP: 12/12
  9851 | D:10     | Entered Level 10 of the Dungeon
  9869 | D:10     | Reached skill level 11 in Shields
 10376 | D:10     | Found Wikoariw's Distillery.
 10385 | D:10     | Bought a potion of resistance for 140 gold pieces
 10385 | D:10     | Bought a potion of mutation for 35 gold pieces
 10385 | D:10     | Gained mutation: Your muscles are strong. (Str +2) [potion of mutation]
 10385 | D:10     | Gained mutation: You are partially covered in icy blue scales (AC +1). [potion of mutation]
 10386 | D:10     | Gained mutation: You are clumsy. (Dex -2) [potion of mutation]
 10386 | D:10     | Gained mutation: You expend magic power (3 MP) to strengthen your wands. [potion of mutation]
 10386 | D:10     | Gained mutation: You can translocate small distances at will. [potion of mutation]
 10387 | D:10     | Gained mutation: You passively map a small area around you. [potion of mutation]
 10715 | D:11     | Noticed a white ugly thing
 10723 | D:11     | Killed a white ugly thing
 10889 | D:11     | Found Veisch's General Store.
 10898 | D:11     | Bought the cursed ring "Poapri Umoll" {rF+ rN+ AC-4 Stlth+} for 192 gold pieces
 10904 | D:11     | Found a staircase to the Lair.
 10974 | D:11     | Reached ***** piety under Qazlal
 10977 | D:11     | Reached skill level 12 in Shields
 11305 | D:11     | Found a roughly hewn altar of Beogh.
 11305 | D:11     | Found a staircase to the Orcish Mines.
 11804 | D:12     | Reached XP level 12. HP: 65/73 MP: 13/13
 11869 | D:12     | Noticed senseless's ghost (journeyman MiGl)
 12161 | D:12     | Killed senseless's ghost
 12212 | D:12     | Noticed Kirke
 12681 | D:12     | Killed Kirke
 12681 | D:12     | Reached skill level 13 in Shields
 12681 | D:12     | Reached skill level 1 in Invocations
 12868 | D:12     | Noticed Frances
 12881 | D:12     | Killed Frances
 13376 | D:12     | Found a portal to a secret trove of treasure.
 13408 | D:12     | Noticed Erolcha
 13419 | D:12     | Killed Erolcha
 13811 | D:12     | Reached skill level 10 in Maces & Flails
 14078 | D:13     | Noticed ReniFell's ghost (journeyman MiBe)
 14282 | Lair:1   | Entered Level 1 of the Lair of Beasts
 14462 | Lair:1   | Reached XP level 13. HP: 80/80 MP: 15/15
 15086 | Lair:2   | Reached skill level 14 in Shields
 16085 | Lair:3   | Found a dark tunnel.
 16098 | Volcano  | Entered a volcano
 16270 | Volcano  | Reached skill level 10 in Armour
 17214 | Lair:4   | Reached skill level 15 in Shields
 17758 | Lair:4   | Reached ****** piety under Qazlal
 18281 | Lair:5   | Gained mutation: Your large and strong wings let you fly indefinitely. [Gargoyle growth]
 18281 | Lair:5   | Reached XP level 14. HP: 85/87 MP: 16/16
 19151 | Lair:6   | Found a staircase to the Snake Pit.
 19453 | Lair:6   | Found a staircase to the Swamp.
 19916 | Lair:6   | Reached skill level 10 in Fighting
 20188 | Lair:7   | Reached skill level 16 in Shields
 20698 | Lair:7   | Found a staircase to the Slime Pits.
 20933 | Lair:8   | Entered Level 8 of the Lair of Beasts
 20991 | Lair:8   | Noticed Rupert
 21196 | Lair:8   | Killed Rupert
 21591 | Lair:8   | Noticed Josephine
 21602 | Lair:8   | Killed Josephine
 21606 | Lair:8   | Reached XP level 15. HP: 88/93 MP: 17/17
 21619 | Lair:8   | Reached skill level 17 in Shields
 21899 | Lair:8   | Learned a level 1 spell: Summon Butterflies
 21905 | Lair:8   | Learned a level 5 spell: Alistair's Intoxication
 22108 | Lair:8   | Learned a level 4 spell: Olgreb's Toxic Radiance
 23671 | Swamp:1  | Entered Level 1 of the Swamp
 23692 | Swamp:1  | Noticed Nikola
 23704 | Swamp:1  | Noticed Louise
 23705 | Swamp:1  | Killed from afar by Nikola

Skill      XL: |  1  2  3  4  5  6  7  8  9 10 11 12 13 14 15 |
---------------+----------------------------------------------+-----
Shields        | 4 5 6 7 9 10 12 13 15 16 17 | 17.5
Dodging        | 1 2 3 4 5 6 7 |  7.6
Armour         | 4 5 6 7 8 9 10 11 | 11.3
Fighting       | 4 5 6 7 8 9 10 | 10.9
Maces & Flails | 3 5 6 7 8 10 11 12 | 12.6
Evocations     | 1 2 3 |  3.8
Stealth        | 1 |  1.0
Invocations    | 2 |  2.1
Unarmed Combat | |  0.2
Poison Magic   | |  0.2

Action                   |  1- 3 |  4- 6 |  7- 9 | 10-12 | 13-15 || total
-------------------------+-------+-------+-------+-------+-------++-------
Melee: Flail             |   137 |   235 |   708 |  1060 |   337 ||  2477
       Unarmed           |       |       |       |     3 |       ||     3
       Morningstar       |       |       |       |       |   768 ||   768
Invok: Upheaval          |       |       |       |     5 |       ||     5
 Abil: Evoke Berserk Rag |     1 |     5 |     7 |     7 |     6 ||    26
  Use: Scroll            |       |       |    10 |     5 |    10 ||    25
       Potion            |       |       |       |     3 |     1 ||     4
  Eat: Chunk             |     1 |    10 |    15 |    27 |    12 ||    65
       Bread ration      |       |       |     1 |       |       ||     1
       Royal jelly       |       |       |     1 |       |     1 ||     2
       Pizza             |       |       |       |     2 |     9 ||    11
       Fruit             |       |       |       |       |     8 ||     8
Armor: Scale mail        |    71 |    73 |       |       |       ||   144
       Chain mail        |       |    94 |   457 |   174 |       ||   725
       Ring mail         |       |       |       |    84 |       ||    84
       Plate armour      |       |       |       |   131 |   512 ||   643
       Skin              |       |       |       |     1 |       ||     1
Dodge: Dodged            |    43 |    92 |   207 |   258 |   318 ||   918
       Deflected         |       |       |       |     5 |     3 ||     8
Block: Shield            |   102 |   150 |   551 |   964 |  1461 ||  3228
       Other             |       |       |       |     4 |       ||     4
